TOP OF THE 1ST |
Oakland Oaks batting - Pitching for Houston 1837 BBC : RHP Wayne Hayes
|
Pitching: RHP Wayne Hayes
|
|
Batting: RHB Miguel Fernández
|
0-0: Swinging Strike 0-1: Swinging Strike 0-2: Strikes out swinging
|
Batting: LHB Todd Henry
|
0-0: Called Strike 0-1: Ball 1-1: SINGLE (Groundball, 34D)
|
Batting: LHB Mal Wadley
|
0-0: Fly out, F9 (Flyball, 9D)
|
Batting: LHB Edwin Church
|
0-0: Ball 1-0: Ball 2-0: SINGLE (Groundball, 4MD) Todd Henry to second Runner from 2nd tries for 3rd, SAFE, throw made to third
|
Batting: LHB Jesús Quintanilla
|
0-0: Called Strike 0-1: Ball 1-1: Ball 2-1: Fly out, F5 (Popup, 15)
|
Top of the 1st over - 0 run(s), 2 hit(s), 0 error(s), 2 left on base; Oakland 0 - Houston 0 |
BOTTOM OF THE 1ST |
Houston 1837 BBC batting - Pitching for Oakland Oaks : LHP José Reyna
|
Pitching: LHP José Reyna
|
|
Batting: LHB Chris Gregory
|
0-0: Called Strike 0-1: Ball 1-1: Swinging Strike 1-2: Strikes out swinging
|
Batting: RHB Kumanosuke Abe
|
0-0: Called Strike 0-1: Ball 1-1: Ball 2-1: Ground out 4-3 (Groundball, 4M)
|
Batting: RHB Bob Campbell
|
0-0: Ball 1-0: Foul Ball, location: 2F 1-1: Foul Ball, location: 2F 1-2: Strikes out swinging
|
Bottom of the 1st over - 0 run(s), 0 hit(s), 0 error(s), 0 left on base; Oakland 0 - Houston 0 |
TOP OF THE 2ND |
Oakland Oaks batting - Pitching for Houston 1837 BBC : RHP Wayne Hayes
|
Batting: RHB Dave Henderson
|
0-0: Called Strike 0-1: Hit by Pitch
|
Batting: LHB Tony Reynolds
|
0-0: Grounds into double play, 4-6-3 (Groundball, 4)
|
Batting: LHB Ron Frazier
|
0-0: Ball 1-0: Called Strike 1-1: Swinging Strike 1-2: Strikes out swinging
|
Top of the 2nd over - 0 run(s), 0 hit(s), 0 error(s), 0 left on base; Oakland 0 - Houston 0 |
BOTTOM OF THE 2ND |
Houston 1837 BBC batting - Pitching for Oakland Oaks : LHP José Reyna
|
Batting: LHB José Marín
|
0-0: Called Strike 0-1: Ball 1-1: SINGLE (Flyball, 8RS)
|
Batting: RHB Bob Sargent
|
0-0: Called Strike 0-1: Ball 1-1: Swinging Strike 1-2: Foul Ball, location: 2F 1-2: Strikes out looking
|
Batting: RHB Pedro Jiménez
|
0-0: Ball 1-0: Foul Ball, location: 2F 1-1: Called Strike 1-2: Ball 2-2: Ball 3-2: Foul Ball, location: 2F 3-2: SINGLE (Flyball, 6MD) José Marín to second Runner from 2nd tries for 3rd, SAFE, throw made to third Pedro Jiménez to second
|
Batting: LHB Jack Robbins
|
0-0: Ball 1-0: Swinging Strike 1-1: Swinging Strike 1-2: Foul Ball, location: 2F 1-2: Ball 2-2: Fly out, F7 (Flyball, 7M) Runner from 3rd tags up, SCORES, throw made
|
Batting: SHB Jason Alexander
|
0-0: Called Strike 0-1: Ball 1-1: Ball 2-1: Foul Ball, location: 2F 2-2: Ball 3-2: Base on Balls
|
Batting: LHB Alberto Torres
|
0-0: Called Strike 0-1: Ball 1-1: Ball 2-1: Swinging Strike 2-2: Ball 3-2: Foul Ball, location: 2F 3-2: SINGLE (Groundball, 4) Pedro Jiménez to third Jason Alexander to second Pedro Jiménez scores Jason Alexander to third
|
Batting: LHB Chris Gregory
|
0-0: Fly out, F7 (Flyball, 7LMF)
|
Bottom of the 2nd over - 2 run(s), 3 hit(s), 0 error(s), 2 left on base; Oakland 0 - Houston 2 |
TOP OF THE 3RD |
Oakland Oaks batting - Pitching for Houston 1837 BBC : RHP Wayne Hayes
|
Batting: RHB Rafael Durango
|
0-0: Called Strike 0-1: Swinging Strike 0-2: Ball 1-2: Ball 2-2: Strikes out looking
|
Batting: RHB Miguel Fernández
|
0-0: Ground out 5-3 (Groundball, 5S)
|
Batting: LHB Todd Henry
|
0-0: Foul Ball, location: 2F 0-1: SINGLE (Line Drive, 4D)
|
Batting: LHB Mal Wadley
|
0-0: Ball 1-0: Ball 2-0: Swinging Strike 2-1: Foul Ball, location: 2F 2-2: Strikes out swinging
|
Top of the 3rd over - 0 run(s), 1 hit(s), 0 error(s), 1 left on base; Oakland 0 - Houston 2 |
BOTTOM OF THE 3RD |
Houston 1837 BBC batting - Pitching for Oakland Oaks : LHP José Reyna
|
Batting: RHB Kumanosuke Abe
|
0-0: Ball 1-0: Ball 2-0: Called Strike 2-1: Ball 3-1: SINGLE (Line Drive, 6MD)
|
Batting: RHB Bob Campbell
|
0-0: Ball 1-0: Swinging Strike 1-1: Ball 2-1: SINGLE (Line Drive, 4D) Kumanosuke Abe to second
|
Batting: LHB José Marín
|
0-0: Ball 1-0: Ball 2-0: Called Strike 2-1: Called Strike 2-2: Fly out, F9 (Line Drive, 9LM) Runner from 2nd tags up, SAFE at 3rd with throw
|
Batting: RHB Bob Sargent
|
0-0: Ball 1-0: Ball 2-0: Foul Ball, location: 2F 2-1: Ball 3-1: Foul Ball, location: 2F 3-2: Ground out 5-3 (Groundball, 5S) Kumanosuke Abe scores Bob Campbell to second
|
Batting: RHB Pedro Jiménez
|
0-0: Ball 1-0: Ball 2-0: Called Strike 2-1: Ball 3-1: Base on Balls
|
Batting: LHB Jack Robbins
|
0-0: Called Strike 0-1: Ball 1-1: Ball 2-1: Foul Ball, location: 2F 2-2: Ball 3-2: Ground out 3-1 (Groundball, 34)
|
Bottom of the 3rd over - 1 run(s), 2 hit(s), 0 error(s), 2 left on base; Oakland 0 - Houston 3 |
TOP OF THE 4TH |
Oakland Oaks batting - Pitching for Houston 1837 BBC : RHP Wayne Hayes
|
Batting: LHB Edwin Church
|
0-0: Called Strike 0-1: Ball 1-1: SINGLE (Line Drive, 4M)
|
Batting: LHB Jesús Quintanilla
|
0-0: Foul Ball, location: 2F 0-1: Swinging Strike 0-2: Foul Ball, location: 2F 0-2: Ball 1-2: Ball 2-2: Strikes out swinging
|
Batting: RHB Dave Henderson
|
0-0: Called Strike 0-1: DOUBLE (Line Drive, 7LM) Edwin Church to third
|
Batting: LHB Tony Reynolds
|
0-0: Ball 1-0: Foul Ball, location: 2F 1-1: Ball 2-1: Foul Ball, location: 2F 2-2: Strikes out swinging
|
Batting: LHB Ron Frazier
|
0-0: Ball 1-0: Foul Ball, location: 2F 1-1: Foul Ball, location: 2F 1-2: DOUBLE (Line Drive, 7LS) Edwin Church scores Dave Henderson scores
|
Batting: RHB Rafael Durango
|
0-0: Foul Ball, location: 2F 0-1: Ball 1-1: Swinging Strike 1-2: Strikes out looking
|
Top of the 4th over - 2 run(s), 3 hit(s), 0 error(s), 1 left on base; Oakland 2 - Houston 3 |
BOTTOM OF THE 4TH |
Houston 1837 BBC batting - Pitching for Oakland Oaks : LHP José Reyna
|
Pitching: RHP Seb Alport
|
|
Batting: SHB Jason Alexander
|
0-0: Called Strike 0-1: Foul Ball, location: 2F 0-2: Ball 1-2: Ball 2-2: Foul Ball, location: 2F 2-2: Ball 3-2: Foul Ball, location: 2F 3-2: Foul Ball, location: 2F 3-2: Ground out 4-3 (Groundball, 4)
|
Batting: LHB Alberto Torres
|
0-0: Fly out, F8 (Flyball, 8RD)
|
Batting: LHB Chris Gregory
|
0-0: Ball 1-0: Ball 2-0: Called Strike 2-1: Ground out 4-3 (Groundball, 4M)
|
Bottom of the 4th over - 0 run(s), 0 hit(s), 0 error(s), 0 left on base; Oakland 2 - Houston 3 |
TOP OF THE 5TH |
Oakland Oaks batting - Pitching for Houston 1837 BBC : RHP Wayne Hayes
|
Pitching: LHP Phil Miles
|
|
Batting: RHB Miguel Fernández
|
0-0: Ball 1-0: Ball 2-0: Foul Ball, location: 2F 2-1: Ball 3-1: Base on Balls
|
Batting: LHB Todd Henry
|
0-0: Called Strike 0-1: Called Strike 0-2: Ball 1-2: Fly out, F8 (Flyball, 8LM)
|
Batting: LHB Mal Wadley
|
0-0: Called Strike 0-1: Ball 1-1: Called Strike 1-2: Ball 2-2: Strikes out swinging
|
Batting: LHB Edwin Church
|
0-0: Ball 1-0: Swinging Strike 1-1: Ball 2-1: Foul Ball, location: 2F 2-2: Ball 3-2: Foul Ball, location: 2F 3-2: Base on Balls Miguel Fernández to second
|
Pitching: RHP Nicholas Beyer
|
|
Batting: LHB Jesús Quintanilla
|
0-0: Ball 1-0: Called Strike 1-1: Foul Ball, location: 2F 1-2: Ball 2-2: Foul Ball, location: 2F 2-2: Ball 3-2: Base on Balls Miguel Fernández to third Edwin Church to second
|
Batting: RHB Dave Henderson
|
0-0: Ground out 6-3 (Groundball, 6)
|
Top of the 5th over - 0 run(s), 0 hit(s), 0 error(s), 3 left on base; Oakland 2 - Houston 3 |
BOTTOM OF THE 5TH |
Houston 1837 BBC batting - Pitching for Oakland Oaks : RHP Seb Alport
|
Batting: LHB Mark McClear
|
0-0: Fly out, F7 (Flyball, 7M)
|
Batting: RHB Bob Campbell
|
0-0: Ground out 6-3 (Groundball, 6)
|
Batting: LHB José Marín
|
0-0: Ball 1-0: SINGLE (Line Drive, 9LM)
|
Batting: RHB Bob Sargent
|
0-0: Called Strike 0-1: Foul Ball, location: 2F 0-2: Foul Ball, location: 2F 0-2: Strikes out swinging
|
Bottom of the 5th over - 0 run(s), 1 hit(s), 0 error(s), 1 left on base; Oakland 2 - Houston 3 |
TOP OF THE 6TH |
Oakland Oaks batting - Pitching for Houston 1837 BBC : RHP Nicholas Beyer
|
Now at SS: Mark McClear
|
|
Batting: LHB Tony Reynolds
|
0-0: Foul Ball, location: 2F 0-1: Ball 1-1: Swinging Strike 1-2: Ball 2-2: Foul Ball, location: 2F 2-2: Fly out, F6 (Line Drive, 6)
|
Batting: LHB Ron Frazier
|
0-0: Called Strike 0-1: SINGLE (Groundball, 6MD)
|
Batting: RHB Rafael Durango
|
0-0: Ball 1-0: Ball 2-0: Foul Ball, location: 2F 2-1: Ball Wild Pitch! Ron Frazier to second 3-1: Base on Balls
|
Pitching: RHP Ash Wooden
|
|
Pinch Hitting: SHB John Allen
|
0-0: DOUBLE (Groundball, 5D) Ron Frazier scores Rafael Durango to third Runner from 3rd tries for Home, throw and OUT! John Allen to third
|
Batting: LHB Todd Henry
|
0-0: Ball 1-0: Fly out, F7 (Flyball, 78S)
|
Top of the 6th over - 1 run(s), 2 hit(s), 0 error(s), 1 left on base; Oakland 3 - Houston 3 |
BOTTOM OF THE 6TH |
Houston 1837 BBC batting - Pitching for Oakland Oaks : RHP Seb Alport
|
Now in LF: John Allen
|
|
Batting: RHB Pedro Jiménez
|
0-0: Called Strike 0-1: Ground out 5-3 (Groundball, 56)
|
Batting: LHB Jack Robbins
|
0-0: Called Strike 0-1: Ground out U3 (Groundball, 3S)
|
Batting: SHB Jason Alexander
|
0-0: Called Strike 0-1: Foul Ball, location: 2F 0-2: Ball 1-2: Foul Ball, location: 2F 1-2: Strikes out looking
|
Bottom of the 6th over - 0 run(s), 0 hit(s), 0 error(s), 0 left on base; Oakland 3 - Houston 3 |
TOP OF THE 7TH |
Oakland Oaks batting - Pitching for Houston 1837 BBC : RHP Ash Wooden
|
Pinch Hitting: RHB Jim Lee
|
0-0: Ground out 6-3 (Groundball, 6)
|
Batting: LHB Edwin Church
|
0-0: Ball 1-0: Ball 2-0: Foul Ball, location: 2F 2-1: Foul Ball, location: 2F 2-2: Ball 3-2: Foul Ball, location: 2F 3-2: Ground out 2-3 (Groundball, 2R)
|
Batting: LHB Jesús Quintanilla
|
0-0: Ball 1-0: Ball 2-0: Ball 3-0: Base on Balls
|
Batting: RHB Dave Henderson
|
0-0: Ball 1-0: Ball 2-0: Fly out, F8 (Flyball, 8RM)
|
Top of the 7th over - 0 run(s), 0 hit(s), 0 error(s), 1 left on base; Oakland 3 - Houston 3 |
BOTTOM OF THE 7TH |
Houston 1837 BBC batting - Pitching for Oakland Oaks : RHP Seb Alport
|
Now in RF: Randy Daugherty
|
|
Batting: LHB Alberto Torres
|
0-0: Called Strike 0-1: Swinging Strike 0-2: Ball 1-2: Ball 2-2: Fly out, F7 (Flyball, 7D)
|
Pinch Hitting: LHB Brad Lawrence
|
0-0: Ball 1-0: Swinging Strike 1-1: Called Strike 1-2: Foul Ball, location: 2F 1-2: Foul Ball, location: 2F 1-2: Ball 2-2: Fly out, F9 (Flyball, 9D)
|
Batting: LHB Mark McClear
|
0-0: Ball 1-0: Ball 2-0: Ball 3-0: Called Strike 3-1: Base on Balls
|
Pitching: RHP Enrique López
|
|
Pinch Hitting: RHB Bob Dickerson
|
0-0: Called Strike 0-1: Called Strike 0-2: Strikes out swinging
|
Bottom of the 7th over - 0 run(s), 0 hit(s), 0 error(s), 1 left on base; Oakland 3 - Houston 3 |
TOP OF THE 8TH |
Oakland Oaks batting - Pitching for Houston 1837 BBC : RHP Ash Wooden
|
Now at SS: Bob Dickerson
|
|
Now in CF: Brad Lawrence
|
|
Batting: RHB Gabriel Maldonado
|
0-0: SINGLE (Line Drive, 7S)
|
Batting: LHB Ron Frazier
|
0-0: Ball 1-0: Grounds into double play, 4-6-3 (Groundball, 4)
|
Batting: RHB Rafael Durango
|
0-0: Called Strike 0-1: SINGLE (Line Drive, 56)
|
Pitching: LHP Arnold Berry
|
|
Batting: SHB John Allen
|
0-0: Ball 1-0: Ball 2-0: Ball 3-0: Called Strike 3-1: Foul Ball, location: 2F 3-2: Foul Ball, location: 2F 3-2: Foul Ball, location: 2F 3-2: DOUBLE (Flyball, 8LXD) Rafael Durango to third Rafael Durango scores
|
Batting: LHB Todd Henry
|
0-0: Ball 1-0: Ball 2-0: Foul Ball, location: 2F 2-1: Foul Ball, location: 2F 2-2: Ball 3-2: Foul Ball, location: 2F 3-2: Base on Balls
|
Batting: LHB Randy Daugherty
|
0-0: Ball 1-0: Called Strike 1-1: Foul Ball, location: 2F 1-2: SINGLE (Line Drive, 56D) John Allen to third Todd Henry to second Runner from 3rd tries for Home, SAFE, no throw or cutoff
|
Batting: LHB Edwin Church
|
0-0: SINGLE (Groundball, 23) (infield hit) Todd Henry to third Randy Daugherty to second
|
Pitching: LHP Jeff Burrell
|
|
Batting: LHB Jesús Quintanilla
|
0-0: Ball 1-0: Reached on error, E4 (Groundball, 34) Todd Henry scores Randy Daugherty scores Edwin Church to third
|
Batting: RHB Dave Henderson
|
0-0: Ball 1-0: Swinging Strike 1-1: Foul Ball, location: 2F 1-2: Ball 2-2: Ball 3-2: Foul Ball, location: 2F 3-2: Ground out 5-3 (Groundball, 5)
|
Top of the 8th over - 4 run(s), 5 hit(s), 1 error(s), 2 left on base; Oakland 7 - Houston 3 |
BOTTOM OF THE 8TH |
Houston 1837 BBC batting - Pitching for Oakland Oaks : RHP Enrique López
|
Pinch Hitting: RHB Tracy Parker
|
0-0: Swinging Strike 0-1: Ball 1-1: Ball 2-1: Foul Ball, location: 2F 2-2: Ball 3-2: Ground out 6-3 (Groundball, 6)
|
Pinch Hitting: LHB Mike Hanson
|
0-0: Ball 1-0: Called Strike 1-1: Foul Ball, location: 2F 1-2: Ball 2-2: Ball 3-2: Ground out 1-3 (Groundball, 15)
|
Pinch Hitting: LHB Eugene Lawrence
|
0-0: Ball 1-0: Called Strike 1-1: Ground out 1-3 (Groundball, 3S)
|
Bottom of the 8th over - 0 run(s), 0 hit(s), 0 error(s), 0 left on base; Oakland 7 - Houston 3 |
BOTTOM OF THE 9TH |
Houston 1837 BBC batting - Pitching for Oakland Oaks : RHP Enrique López
|
Pinch Hitting: RHB Eric Randolph
|
0-0: Called Strike 0-1: Ground out 6-3 (Groundball, 6M)
|
Pinch Hitting: RHB Claudio Mendoza
|
0-0: TRIPLE (Line Drive, 78M)
|
Batting: RHB Rob Warner
|
0-0: Foul Ball, location: 2F 0-1: Swinging Strike 0-2: Fly out, F3 (Popup, 34S)
|
Batting: LHB Brad Lawrence
|
0-0: Foul Ball, location: 2F 0-1: Ball Balk! Claudio Mendoza scores 1-1: Ball 2-1: Ball 3-1: Bunted foul 3-2: Base on Balls
|
Pitching: RHP Júlio Saldaña
|
|
Batting: LHB Mark McClear
|
0-0: Called Strike 0-1: Foul Ball, location: 2F 0-2: Ball 1-2: Fielders Choice at 2nd, 6-4 (Groundball, 6)
|
Bottom of the 9th over - 1 run(s), 1 hit(s), 0 error(s), 0 left on base; Oakland 7 - Houston 4 |
|